 Seeded DCSS version 0.27.1 (webtiles) character file.

Game seed: 711 (custom seed)

5 a11behringer the Skirmisher (level 1, -3/18 HPs)
             Began as a Demonspawn Abyssal Knight on Aug 27, 2021.
             Was a Follower of Lugonu.
             Killed from afar by a starcursed mass (8 damage)
             ... with an accursed screaming
             ... on level 1 of the Abyss.
             The game lasted 00:00:49 (70 turns).

a11behringer the Skirmisher (DsAK)                    Turns: 70, Time: 00:00:50

Health: -3/18      AC:  3    Str: 12    XL:     1   Next: 66%
Magic:  2/2        EV: 11    Int: 13    God:    Lugonu [*.....]
Gold:   15         SH:  0    Dex: 12    Spells: 0/0 levels left

rFire    . . .     SeeInvis .   a - +1 falchion
rCold    . . .     Faith    .   (no shield)
rNeg     . . .     Spirit   .   b - +0 leather armour
rPois    .         Reflect  .   (no helmet)
rElec    .         Harm     .   (no cloak)
rCorr    .         Rampage  .   (no gloves)
Will     .....                  (no boots)
Stlth    +.........             (no amulet)
HPRegen  0.06/turn              (no ring)
MPRegen  0.08/turn              (no ring)

@: no status effects
A: no striking features
a: Renounce Religion, Depart the Abyss


You were on level 1 of the Abyss.
You worshipped Lugonu.
Lugonu was aware of your devotion.
You visited 0 branches of the dungeon, and saw 0 of its levels.
You visited the Abyss 1 time.

You collected 15 gold pieces.

Inventory:

Hand Weapons
 a - a +1 falchion (weapon)
Armour
 b - a +0 leather armour (worn)


   Skills:
 + Level 3.2 Fighting
 + Level 1.8 Long Blades
 + Level 1.8 Armour
 + Level 0.9 Dodging
 + Level 2.5 Invocations


You couldn't memorise any spells.
You didn't know any spells.
Your spell library was empty.

Dungeon Overview and Level Annotations

Branches:
Dungeon (0/15)

Altars:


Message History

The ufetubus shouts!
The ufetubus hits you but does no damage.
The ufetubus closely misses you.
You hit the ufetubus but do no damage. The ufetubus barely misses you.
The ufetubus hits you.
The ufetubus hits you but does no damage.
The ufetubus closely misses you.
You hit the ufetubus but do no damage. The ufetubus closely misses you.
You riposte.
You barely miss the ufetubus. The ufetubus closely misses you.
The ufetubus barely misses you.
You riposte.
You miss the ufetubus. The ufetubus hits you.
You closely miss the ufetubus. The ufetubus closely misses you.
The ufetubus barely misses you. The ufetubus hits you.
The ufetubus closely misses you.
You barely miss the ufetubus. The ufetubus misses you.
The ufetubus hits you but does no damage.
The ufetubus barely misses you.
You riposte.
You hit the ufetubus but do no damage. The ufetubus barely misses you.
You closely miss the ufetubus.
The ufetubus hits you but does no damage.
The ufetubus barely misses you. The ufetubus hits you.
The ufetubus barely misses you.
You hit the ufetubus.
The ufetubus is moderately wounded.
The ufetubus hits you but does no damage.
The ufetubus hits you.
You hit the ufetubus.
You kill the ufetubus!
A small abomination comes into view.
A starcursed mass comes into view.
The starcursed mass shrieks in your mind.
* * * LOW HITPOINT WARNING * * *
A starcursed mass splits.
A starcursed mass splits.
A starcursed mass splits.
A ynoxinul comes into view.
The ynoxinul bellows!
The ynoxinul gestures.
The starcursed mass shrieks in your mind.
You die...

####.X#.###..#
#.#.....#....#
#.#X#X......#
#.....#....#
#.##..#...#.##
....##.# ..#
...#..#.####...
..##.......#.#.
# #..@..#....# #
#............#.#
#...........## #
..####5.#ยง.#.#
# ....#..##
3##.# ### .# ###


You could see a starcursed mass, a ynoxinul and an ufetubus (summoned).

Vanquished Creatures
  An ufetubus (Abyss:1)
1 creature vanquished.

Notes
Turn   | Place    | Note
-------+----------+-------------------------------------------
     0 | Abyss:1  | a11behringer the Demonspawn Abyssal Knight began the quest
                  | for the Orb.
     0 | Abyss:1  | Reached XP level 1. HP: 18/18 MP: 2/2
    59 | Abyss:1  | Noticed a small abomination
    64 | Abyss:1  | Noticed a starcursed mass
    69 | Abyss:1  | Noticed a ynoxinul
    70 | Abyss:1  | Killed from afar by a starcursed mass

Illustrated notes

Levels and vault maps discovered:
Abyss:1:  base: Temple, base:
Temple

Action                   || total
-------------------------++-------
Melee: Falchion          ||     7
Armor: Leather armour    ||     5
Dodge: Dodged            ||    14
       Rpst.: Falchion   ||     3
